 Dungeon Crawl Stone Soup version 0.17-a0-1984-g55f5988 (webtiles) character file.

38 Lysie the Sneak (level 3, -1/16 HPs)
             Began as a Spriggan Enchanter on Oct 6, 2015.
             Slain by a hobgoblin
             ... wielding a +0 club
              (2 damage)
             ... on level 2 of the Dungeon.
             The game lasted 00:02:57 (1290 turns).

Lysie the Sneak (Spriggan Enchanter)                Turns: 1290, Time: 00:02:57

Health: -1/16      AC:  3    Str:  5    XL:     3   Next: 25%
Magic:  4/8        EV: 16    Int: 16    God:
Gold:   54         SH:  0    Dex: 16    Spells: 2 memorised, 4 levels left

rFire  . . .     SeeInvis +     a - +1 dagger
rCold  . . .     Clarity  .     b - +1 robe
rNeg   . . .     SustAt   .     (shield restricted)
rPois  .         Gourm    .     (helmet restricted)
rElec  .         Spirit   .     (no cloak)
rCorr  .         Warding  .     (gloves unavailable)
rMut   .         Stasis   .     (boots unavailable)
MR     .....                    (no amulet)
Stlth  +++.......               (no ring)
                                (no ring)

@: constricted, very quick, not resistant to hostile enchantments, fairly
stealthy
A: unfitting armour, see invisible, herbivore 3, speed 3, slow metabolism 2
a: no special abilities


You were on level 2 of the Dungeon.
You were not hungry.

You visited 1 branch of the dungeon, and saw 2 of its levels.

You collected 54 gold pieces.

Inventory:

Hand Weapons
 a - a +1 dagger (weapon)
Armour
 b - a +1 robe (worn)
Scrolls
 e - a scroll of enchant weapon {unknown}
 g - a scroll of remove curse {unknown}
 h - 2 scrolls of recharging {unknown}
 j - a scroll of amnesia {unknown}
Potions
 i - a potion of flight {unknown}
Books
 c - a book of Maledictions

   Spells                             Type                      Level
   a - Corona                         Hexes                        1
   b - Ensorcelled Hibernation        Hexes/Ice                    2
   c - Confuse                        Hexes                        3
   d - Tukima's Dance                 Hexes                        3
   e - Dazzling Spray                 Conjuration/Hexes            3
Comestibles
 d - 2 bread rations
 f - a slice of pizza


   Skills:
 * Level 2.8 Short Blades
 + Level 4.1 Dodging
 - Level 4.4 Stealth
 - Level 2.6 Spellcasting
 - Level 3.6 Hexes


You had 4 spell levels left.
You knew the following spells:

 Your Spells              Type           Power        Failure   Level  Hunger
a - Corona                Hex            ##.....      6%          1    #......
b - Ensorcelled Hibernat  Hex/Ice        #.....       17%         2    ##.....


Dungeon Overview and Level Annotations

Branches:
Dungeon (2/15)

Altars:


Innate Abilities, Weirdness & Mutations

You are tiny and cannot use many weapons and most armour.
You have supernaturally acute eyesight.
You are a herbivore.
You cover ground extremely quickly.
You need consume almost no food.


Message History

You hit the kobold.
The kobold is severely wounded.
The ball python misses you. The ball python constricts you.
The kobold hits you with a whip.
You hit the kobold but do no damage.
The kobold is severely wounded.
The ball python bites you but does no damage.
The ball python constricts you. The hobgoblin barely misses you.
You hit the kobold.
The kobold is almost dead.
The kobold completely misses you. The ball python completely misses you.
The ball python constricts you. The hobgoblin hits you with a club.
You closely miss the kobold.
The kobold is almost dead.
The ball python closely misses you. The ball python constricts you.
The kobold hits you with a whip.
* * * LOW HITPOINT WARNING * * *
Your attempt to break free from the ball python fails, but you feel that another attempt might succeed.
The hobgoblin hits you with a club.
You die...

### #.. .# #.. .#
#.. ..# #.. ..#
#..###..# #..K....#
########
#..@S$..#####.......
####g#####..........
#.##.##.##.#.....
#.....†....#... #
#######.#..#.#.##
#.......###.#
#.#.#..#.#..#
#.#.#........
#.#.##.##....


You could see a hobgoblin, a ball python and a kobold.

Vanquished Creatures
  A giant gecko (D:2)
  A ball python (D:1)
  2 giant cockroaches (D:1)
  3 goblins (D:1)
  2 hobgoblins (D:1)
  5 jackals (D:1)
  4 kobolds
  6 bats (D:1)
  4 giant newts
  6 rats (D:1)
34 creatures vanquished.

Notes
Turn   | Place    | Note
--------------------------------------------------------------
     0 | D:1      | Lysie the Spriggan Enchanter began the quest for the Orb.
     0 | D:1      | Reached XP level 1. HP: 9/9 MP: 5/5
    68 | D:1      | Reached XP level 2. HP: 8/13 MP: 6/6
    72 | D:1      | Learned a level 2 spell: Ensorcelled Hibernation
   497 | D:1      | You fall through a shaft!
   698 | D:1      | Reached XP level 3. HP: 8/16 MP: 4/8
  1290 | D:2      | Slain by a hobgoblin

Vault maps used:
D:1:      dpeg_arrival_prison, monster_avoids_cloud
D:2:      minmay_bad_closet, kennysheep_generic_room_11

Action                   || total
-------------------------++-------
Melee: Dagger            ||    97
 Cast: Ensorcelled Hiber ||     7
 Stab: Sleeping          ||    12
